 Dungeon Crawl Stone Soup version 0.29.1-13-g9f3cf754e1 (webtiles) character file.

Game seed: 10283410198518685878

888 croobank the Ruffian (level 7, -4/68 HPs)
             Began as a Troll Gladiator on Feb 11, 2023.
             Was a High Priest of Ignis.
             Slain by an orc
             ... wielding a +0 trident
              (5 damage)
             ... on level 5 of the Dungeon.
             The game lasted 00:11:47 (3779 turns).

croobank the Ruffian (Troll Gladiator)              Turns: 3779, Time: 00:11:47

Health: -4/68      AC:  5    Str: 25    XL:     7   Next: 77%
Magic:  6/6        EV: 11    Int:  4    God:    Ignis [*****.]
Gold:   339        SH:  0    Dex: 11    Spells: 6/6 levels left

rFire   + . .      SeeInvis .   x - +2 halberd (venom)
rCold   . . .      Faith    .   (shield currently unavailable)
rNeg    . . .      Spirit   .   a - +0 robe
rPois   .          Reflect  .   b - +1 hat
rElec   .          Harm     .   (no cloak)
rCorr   .          Rampage  .   (gloves unavailable)
Will    .....                   (boots unavailable)
Stlth   +.........              m - amulet of regeneration
HPRegen 1.81/turn               (no ring)
MPRegen 0.10/turn               (no ring)

@: mighty
A: large, unfitting armour, claws 3, regeneration 1, shaggy fur 1, tough skin 1
a: Renounce Religion, Fiery Armour, Foxfire Swarm, Rising Flame


You were on level 5 of the Dungeon.
You worshipped Ignis.
Ignis was extremely pleased with you.
You visited 1 branch of the dungeon, and saw 5 of its levels.

You collected 339 gold pieces.

Inventory:

Hand Weapons
 x - a +2 halberd of venom (weapon)
Missiles
 c - 4 throwing nets (quivered)
Armour
 a - a +0 robe (worn)
 b - a +1 hat (worn)
Jewellery
 m - an amulet of regeneration (around neck)
 n - an amulet of reflection
Scrolls
 e - 2 scrolls of teleportation
 i - a scroll of vulnerability
 l - 2 scrolls of enchant armour
 u - a scroll of fog
 v - a scroll of magic mapping
 y - a scroll of enchant weapon
Potions
 f - 2 potions of flight
 h - a potion of lignification
 j - 3 potions of mutation
 q - a potion of curing
 w - a potion of ambrosia {unknown}


   Skills:
 + Level 3.9 Fighting
 + Level 4.3 Throwing
 + Level 4.3 Dodging
 + Level 5.3 Unarmed Combat


You had 6 spell levels left.
You didn't know any spells.
Your spell library contained the following spells:

 Spells                   Type           Power      Damage    Failure   Level
 Portal Projectile        Hex/Tloc       0%         N/A       86%         3
 Tukima's Dance           Hex            0%         N/A       86%         3
 Blade Hands              Tmut           0%         N/A       100%        5


Dungeon Overview and Level Annotations

Branches:
Dungeon (5/15)
 Temple: D:4-7

Altars:
Kikubaaqudgha
Trog
Yredelemnul
Ignis


Innate Abilities, Weirdness & Mutations

You are too large for most types of armour.
You have claws for hands.
Your natural rate of healing is unusually fast.
You are covered in fur. (AC +1)
You have tough skin. (AC +1)


Message History

The centaur shoots an arrow.
The arrow hits you but does no damage.
The centaur shoots an arrow.
The arrow hits you but does no damage.
The orc hits you from afar with a +0 trident.
* * * LOW HITPOINT WARNING * * *
You aren't carrying any items that you can evoke.
Your +2 halberd of venom begins to drip with poison!
x - a +2 halberd of venom (weapon)
The centaur shoots an arrow.
The arrow hits you but does no damage. The orc hits you but does no damage.
Reach: x) +2 halberd (venom)
Press: ? - help, Dir - move target, f - centaur
Aim: a centaur, wielding a +0 shortbow (about 36% to evade your +2 halberd of venom)
You reach to attack!
You puncture the centaur!
The centaur is heavily wounded.
You feel less wooden.
Your +1 hat unmelds from your body.
Your +0 robe unmelds from your body.
The centaur shoots an arrow.
The arrow hits you.
* * * LOW HITPOINT WARNING * * *
The centaur shoots an arrow.
The arrow hits you.
* * * LOW HITPOINT WARNING * * *
The orc barely misses you.
The centaur shoots an arrow.
The arrow hits you.
* * * LOW HITPOINT WARNING * * *
You feel better.
The orc hits you from afar with a +0 trident.
* * * LOW HITPOINT WARNING * * *
Reach: x) +2 halberd (venom)
Press: ? - help, Dir - move target, f/p - centaur
Aim: a centaur, wielding a +0 shortbow (heavily wounded, about 36% to evade your +2 halberd of venom)
You barely miss the centaur.
The centaur is heavily wounded.
The centaur unwields a +0 shortbow.
The centaur wields a +0 war axe.
The centaur hits you with a +0 war axe!
* * * LOW HITPOINT WARNING * * *
The centaur kicks you.
* * * LOW HITPOINT WARNING * * *
The orc barely misses you. The centaur hits you with a +0 war axe.
* * * LOW HITPOINT WARNING * * *
The centaur barely misses you.
The orc hits you from afar with a +0 trident.
You die...

........ .....(.
...... .....#
#5...####
###....!..
#....#c)###...
#....#@.o.....
#.$..#.##...#.
#####....#.###...#
.....#.............
.........)..#####..
..................
......#....##.####
......#$...# ...
...........# #....


You could see a centaur and an orc.

Vanquished Creatures
  Grinder (D:5)
  A black bear (D:4)
  A centaur (D:5)
  2 hounds
  Natasha (thrice) (D:4)
  4 orc wizards
  5 gnolls
  5 adders
  2 ufetubi (D:4)
  A worm (D:2)
  2 dart slugs (D:1)
  18 orcs
  9 endoplasms
  4 giant cockroaches
  9 goblins
  10 hobgoblins
  10 jackals
  2 quokkas (D:3)
  7 ball pythons
  4 bats
  4 frilled lizards
  15 kobolds
  5 rats
124 creatures vanquished.

Vanquished Creatures (collateral kills)
  A hound (D:4)
  An adder (D:4)
  An endoplasm (D:4)
3 creatures vanquished.

Vanquished Creatures (others)
  8 fungi (D:4)
  3 toadstools (D:4)
11 creatures vanquished.

Grand Total: 138 creatures vanquished

Notes
Turn   | Place    | Note
-------+----------+-------------------------------------------
     0 | D:1      | croobank the Troll Gladiator began the quest for the Orb.
     0 | D:1      | Reached XP level 1. HP: 19/19 MP: 0/0
   184 | D:1      | Reached XP level 2. HP: 20/28 MP: 1/1
   287 | D:1      | Found a faded altar of an unknown god.
   306 | D:1      | Reached XP level 3. HP: 33/35 MP: 2/2
   326 | D:1      | Prayed at the altar of an unknown god.
   326 | D:1      | Became a worshipper of Ignis, the Dying Flame
  1092 | D:2      | Reached XP level 4. HP: 42/42 MP: 3/3
  1501 | D:3      | Found an ancient bone altar of Kikubaaqudgha.
  1730 | D:3      | Reached XP level 5. HP: 30/50 MP: 4/4
  2219 | D:4      | Reached skill level 4 in Unarmed Combat
  2586 | D:4      | Noticed Natasha
  2594 | D:4      | Killed Natasha
  2630 | D:4      | Noticed a black bear
  2639 | D:4      | Found a basalt altar of Yredelemnul.
  2648 | D:4      | Killed a black bear
  2649 | D:4      | Reached XP level 6. HP: 53/61 MP: 5/5
  2679 | D:4      | Identified the +3 leather armour of Duty {Rampage +Inv rN+
                  | Dex+3}
  2951 | D:4      | Noticed Natasha
  2957 | D:4      | Killed Natasha
  2980 | D:4      | Found a bloodstained altar of Trog.
  2990 | D:4      | Noticed Natasha
  2998 | D:4      | Killed Natasha
  3375 | D:4      | Reached XP level 7. HP: 50/67 MP: 6/6
  3651 | D:5      | Entered Level 5 of the Dungeon
  3715 | D:5      | Noticed Grinder
  3731 | D:5      | Paralysed by Grinder for 4 turns
  3740 | D:5      | Reached skill level 5 in Unarmed Combat
  3740 | D:5      | Killed Grinder
  3779 | D:5      | HP: 1/68 [centaur/+0 war axe (6)]
  3779 | D:5      | Slain by an orc

Illustrated notes

Levels and vault maps discovered:
D:1:      saegor_arrival_simple_e, layout_basic,
          chequers_ecumenical_altar_simple_redux
D:2:      layout_basic, minmay_distorted
D:3:      layout_basic, general_overflow_altar
D:4:      corexii_shantytown, layout_loops_ring, mainiacjoe_overflow_24_doors,
          mainiacjoe_overflow_catwalk, minmay_gold_behind_fungi,
          minmay_misc_feat_five, minmay_door_square, uniq_natasha
D:5:      layout_rooms, minmay_misc_feat_square, uniq_grinder

Skill      XL: |  1  2  3  4  5  6  7 |
---------------+----------------------+-----
Throwing       | 2 3 4 |  4.3
Fighting       | 2 3 |  3.9
Dodging        | 3 4 |  4.3
Unarmed Combat | 4 5 |  5.3

Action                   |  1- 3 |  4- 6 |  7- 9 || total
-------------------------+-------+-------+-------++-------
Melee: Unarmed           |    85 |   215 |    39 ||   339
       Punch             |       |     8 |     2 ||    10
       Halberd           |       |       |     2 ||     2
Throw: Large rock        |       |     2 |     1 ||     3
       Throwing net      |       |     1 |     2 ||     3
  Use: Scroll            |       |    12 |     5 ||    17
       Potion            |       |       |     3 ||     3
 Stab: Sleeping          |     1 |     2 |       ||     3
Armor: Robe              |    24 |    47 |    14 ||    85
       Skin              |       |       |    40 ||    40
Dodge: Dodged            |    39 |   122 |    20 ||   181
